 Dungeon Crawl Stone Soup version 0.28.0-53-g5a82cb258f (webtiles) character file.

Game seed: 14150782083322239629

872 Zeld the Skirmisher (level 7, -2/66 HPs)
             Began as a Minotaur Berserker on May 29, 2022.
             Was a Believer of Trog.
             Slain by an ogre
             ... wielding a +0 giant spiked club
              (22 damage)
             ... on level 5 of the Dungeon.
             The game lasted 00:03:47 (5481 turns).

Zeld the Skirmisher (Minotaur Berserker)            Turns: 5481, Time: 00:03:47

Health: -2/66      AC:  2    Str: 23    XL:     7   Next: 74%
Magic:  6/6        EV: 13    Int:  4    God:    Trog [**....]
Gold:   151        SH:  0    Dex: 10    Spells: 6/6 levels left

rFire   . . .      SeeInvis .   a - +0 hand axe
rCold   . . .      Faith    .   (no shield)
rNeg    . . .      Spirit   .   b - +0 animal skin
rPois   .          Reflect  .   (helmet restricted)
rElec   .          Harm     .   (no cloak)
rCorr   .          Rampage  .   (no gloves)
Will    .....                   (no boots)
Stlth   +.........              (no amulet)
HPRegen 0.21/turn               (no ring)
MPRegen 0.10/turn               (no ring)

@: no status effects
A: horns 2, retaliatory headbutt
a: Renounce Religion, Berserk, Trog's Hand


You were on level 5 of the Dungeon.
You worshipped Trog.
Trog was pleased with you.
You visited 1 branch of the dungeon, and saw 5 of its levels.

You collected 151 gold pieces.

Inventory:

Hand Weapons
 a - a +0 hand axe (weapon)
Armour
 b - a +0 animal skin (worn)
Scrolls
 e - 3 scrolls of identify {unknown}
 f - a scroll of summoning {unknown}
 g - a scroll of noise {unknown}
Potions
 c - 2 potions of degeneration {unknown}
 d - a potion of brilliance {unknown}
 h - a potion of curing {unknown}


   Skills:
 * Level 7.2 Fighting
 * Level 7.1 Axes
 + Level 4.7 Armour
 + Level 4.3 Dodging


You had 6 spell levels left.
You didn't know any spells.
Your spell library was empty.

Dungeon Overview and Level Annotations

Branches:
Dungeon (5/15)
 Temple: D:4-7

Altars:
Fedhas

Annotations:
D:3 exclusion: oklob plant
D:4 Pikel


Innate Abilities, Weirdness & Mutations

You have a pair of horns on your head.
You reflexively headbutt those who attack you in melee.


Message History

The ogre is lightly wounded.
The ogre closely misses you.
You hit the ogre.
The ogre is moderately wounded.
You hit the ogre.
The ogre is moderately wounded.
The ogre hits you with a +0 giant club!!
You barely miss the ogre.
The ogre is moderately wounded.
The ogre hits you with a +0 giant club!
You slash the ogre! You headbutt the ogre!
You kill the ogre!
Trog accepts your kill.
Your Axes skill increases to level 7!
You are too injured to fight recklessly!
You are too injured to fight recklessly!
Things that are here:
a +0 giant club; a +0 giant club; an ogre corpse Key pressed, stopping explore.
You now have 151 gold pieces (gained 15).
e - 3 scrolls labelled NORIEROCSO (gained 1)
You see here 23 stones.
An ogre comes into view. It is wielding a +0 giant spiked club.
The ogre shouts!
An ogre is nearby!
An ogre is nearby!
The ogre hits you with a +0 giant spiked club!!
You hit the ogre but do no damage. The ogre barely misses you.
You hit the ogre.
The ogre is lightly wounded.
You hit the ogre.
The ogre is moderately wounded.
The ogre hits you with a +0 giant spiked club!!
You are too injured to fight recklessly!
You are too injured to fight recklessly!
You are too injured to fight recklessly!
You slash the ogre!
The ogre is severely wounded.
The ogre hits you with a +0 giant spiked club!!
You die...

#.##.............
#.##.#.#.#.#.#.#.
####.##........(....
#....#.#.#.#.#.#.#.#
#....#..............
#.....#.#.#.#.#.#.#.
#...................
#....#.#.#.#.#.#.#.#
#..@................
#.O.#.#.#.#.#.#.#.#.
#...................
#..#.#.#.#.#:#.#.#.#
'.. ................
.###
#.#.#.#.#.#.#.#. ..
............... ..
#.# #.#.#.#.#.#
.........


You could see an ogre.

Vanquished Creatures
  Sigmund (D:4)
  Edmund (D:4)
  A sky beast (D:5)
  3 ogres (D:5)
  A howler monkey (D:5)
  A bullfrog skeleton (D:5)
  2 orc wizards (D:3)
  3 adders
  3 gnolls (D:2)
  2 worms
  A dart slug (D:2)
  6 orcs
  6 ball pythons
  5 endoplasms
  A giant cockroach (D:3)
  5 goblins
  11 hobgoblins
  4 jackals (D:2)
  3 quokkas
  7 bats
  9 frilled lizards
  8 kobolds
  8 rats
92 creatures vanquished.

Vanquished Creatures (others)
  12 plants
12 creatures vanquished.

Grand Total: 104 creatures vanquished

Notes
Turn   | Place    | Note
-------+----------+-------------------------------------------
     0 | D:1      | Zeld the Minotaur Berserker began the quest for the Orb.
     0 | D:1      | Reached XP level 1. HP: 19/19 MP: 0/0
   147 | D:1      | Found a faded altar of an unknown god.
   172 | D:1      | Reached XP level 2. HP: 20/27 MP: 1/1
  1260 | D:2      | Reached XP level 3. HP: 9/33 MP: 2/2
  1732 | D:2      | Reached ** piety under Trog
  1827 | D:2      | Reached XP level 4. HP: 20/41 MP: 3/3
  3194 | D:3      | Reached skill level 5 in Fighting
  3194 | D:3      | Reached skill level 5 in Axes
  3194 | D:3      | Reached XP level 5. HP: 27/48 MP: 4/4
  4112 | D:3      | Found a blossoming altar of Fedhas.
  4126 | D:3      | Noticed an oklob plant
  4226 | D:3      | You fall into a shaft and drop 1 floor!
  4287 | D:4      | Noticed Sigmund
  4296 | D:4      | Killed Sigmund
  4297 | D:4      | Reached XP level 6. HP: 39/57 MP: 5/5
  4402 | D:4      | Noticed Edmund
  4431 | D:4      | Killed Edmund
  4643 | D:4      | Noticed Pikel
  4672 | D:5      | Entered Level 5 of the Dungeon
  4859 | D:5      | Noticed a sky beast
  4914 | D:5      | Killed a sky beast
  4915 | D:5      | Reached XP level 7. HP: 31/64 MP: 6/6
  5481 | D:5      | Slain by an ogre

Illustrated notes

Levels and vault maps discovered:
D:1:      dpeg_arrival_chambers_temple_mockup, layout_rooms,
          shapermc_ecumenical_altar_totnotflames
D:2:      cheibrodos_helix_gallery, layout_basic, serial_co_window_serial,
          co_window_paths_a, co_window_paths_a, co_window_paths_a,
          co_window_paths_a, co_window_cross_1, co_window_cross_3,
          co_window_broadway_a, co_window_broadway_c, co_window_2corner,
          lexackson_kobold_supper
D:3:      layout_loops_ring, tgw_fedhas
D:4:      cheibrodos_old_hovel, layout_gridville, nrook_uturn,
          chequers_serial_rivers_micro_a, minmay_crystal_water,
          minmay_misc_feat_doors, fountainhead, sigmund_edmund_badplayer,
          uniq_eustachio, uniq_sigmund, uniq_pikel
D:5:      layout_basic, hangedman_ru_absence, kennysheep_mini_moat,
          mainiacjoe_overflow_alcove_4, hex_large, st_stairs_5,
          kennysheep_generic_room_3

Skill      XL: |  1  2  3  4  5  6  7 |
---------------+----------------------+-----
Fighting       | 4 5 6 7 |  7.2
Axes           | 4 5 6 7 |  7.1
Armour         | 3 4 |  4.7
Dodging        | 3 4 |  4.3

Action                   |  1- 3 |  4- 6 |  7- 9 || total
-------------------------+-------+-------+-------++-------
Melee: Hand axe          |    86 |   138 |    28 ||   252
       Headbutt          |    13 |    20 |     8 ||    41
       Punch             |     2 |       |       ||     2
Invok: Berserk           |       |     1 |       ||     1
 Stab: Sleeping          |       |     1 |       ||     1
Armor: Animal skin       |    12 |    21 |       ||    33
Dodge: Dodged            |    59 |    95 |    14 ||   168
